 Dungeon Crawl Stone Soup version 0.20-a0-493-g19c8d8d (webtiles) character file.

77 HarleyQuinn the Insei (level 4, 35/35 HPs)
             Began as a Demonspawn Monk on Jan 16, 2017.
             Quit the game on level 2 of the Dungeon.
             The game lasted 00:01:42 (1457 turns).

HarleyQuinn the Insei (Demonspawn Monk)             Turns: 1457, Time: 00:01:43

Health: 35/35      AC:  7    Str: 11    XL:     4   Next: 13%
Magic:  4/4        EV: 11    Int: 11    God:
Gold:   54         SH:  0    Dex: 17    Spells: 3/3 levels left

rFire    . . .     SeeInvis .   q - -2 quarterstaff (curse)
rCold    . . .     Gourm    .   c - +0 ring mail
rNeg     . . .     Faith    .   (shield currently unavailable)
rPois    .         Spirit   .   (helmet restricted)
rElec    .         Reflect  .   (no cloak)
rCorr    .         Harm     .   (no gloves)
MR       .....                  (no boots)
Stlth    +.........             (no amulet)
Regen    0.2/turn               (no ring)
                                (no ring)

@: no status effects
A: antennae 1, molten scales 1, spiny 1
a: no special abilities


You were on level 2 of the Dungeon.
You were not hungry.

You visited 1 branch of the dungeon, and saw 2 of its levels.

You collected 54 gold pieces.

Inventory:

Hand Weapons
 q - a cursed -2 quarterstaff (weapon)
Armour
 a - a +0 robe
 c - a +0 ring mail (worn)
 h - a cursed -1 buckler
Jewellery
 n - an uncursed amulet of the gourmand {unknown}
Scrolls
 d - a scroll of magic mapping {unknown}
 f - 2 scrolls of identify {unknown}
 i - 2 scrolls of teleportation {unknown}
 j - 2 scrolls of amnesia {unknown}
 l - a scroll of enchant armour {unknown}
Potions
 e - a potion of agility {unknown}
 g - a potion of haste {unknown}
 m - a potion of curing {unknown}
 p - a potion of ambrosia {unknown}
Comestibles
 b - 2 bread rations
 k - 8 chunks of flesh
 o - 3 fruits


   Skills:
 - Level 3.0 Fighting
 - Level 2.6 Dodging
 - Level 1.7 Stealth
 + Level 4.5 Unarmed Combat


You had 3 spell levels left.
You didn't know any spells.

Dungeon Overview and Level Annotations

Branches:
Dungeon (2/15)

Altars:


Innate Abilities, Weirdness & Mutations

You have a pair of small antennae on your head.
You are partially covered in molten scales. (AC +2)
You are partially covered in sharp spines.


Message History

No target in view!
No target in view!
No target in view!
No target in view!
No target in view!
No target in view!
No target in view!
No target in view!
No target in view!
No target in view!
No target in view!
No target in view!
Found a stone staircase leading down.
There are no items here.
You see here a glowing quarterstaff.
q - a glowing quarterstaff Wield which item (- for none, * to show all)? (? for menu, Esc to quit)
It sticks to your hand!
q - a cursed -2 quarterstaff (weapon)
Are you sure you want to abandon this character and quit the game? (Confirm with "yes".)

### .. # #. ### #.##
#.##+##>..
#....#........# ##
.....##@......# #.
..............##########.
.........................
.........###.....#####...
.........####.##.# #.##
...........##.##'## #.#
####.##.##........# #.#
#. #.##........# ##.## #.
#...........# #..#.


There were no monsters in sight!

Vanquished Creatures
  3 adders (D:2)
  2 oozes (D:2)
  2 worms (D:2)
  2 dart slugs
  A leopard gecko (D:1)
  2 bats (D:1)
  4 giant cockroaches (D:1)
  4 goblins
  6 hobgoblins
  A frilled lizard (D:2)
  2 kobolds (D:1)
  4 rats
33 creatures vanquished.

Notes
Turn   | Place    | Note
-------+----------+-------------------------------------------
     0 | D:1      | HarleyQuinn the Demonspawn Monk began the quest for the Orb.
     0 | D:1      | Reached XP level 1. HP: 18/18 MP: 1/1
   132 | D:1      | Reached skill level 3 in Unarmed Combat
   192 | D:1      | Gained mutation: You are partially covered in sharp spines. [demonic ancestry]
   192 | D:1      | Reached XP level 2. HP: 21/24 MP: 2/2
   922 | D:2      | Gained mutation: You are partially covered in molten scales. (AC +2) [demonic ancestry]
   922 | D:2      | Reached XP level 3. HP: 14/29 MP: 3/3
   925 | D:2      | Reached skill level 4 in Unarmed Combat
  1276 | D:2      | Gained mutation: You have a pair of small antennae on your head. [demonic ancestry]
  1276 | D:2      | Reached XP level 4. HP: 28/35 MP: 4/4
  1457 | D:2      | Quit the game

Vault maps used:
D:1:      minmay_arrival_glassed_features, minmay_misc_feat_encased,
          minmay_tetromino_t2
D:2:      lemuel_round_altar, nrook_mini_vaults

Skill      XL: |  1  2  3 |
---------------+----------+-----
Unarmed Combat | 3 4 |  4.5
Fighting       | |  3.0
Dodging        | |  2.6
Stealth        | |  1.7

Action                   |  1- 3 |  4- 6 || total
-------------------------+-------+-------++-------
Melee: Unarmed           |    91 |    14 ||   105
       Punch             |     1 |     1 ||     2
 Stab: Sleeping          |     1 |       ||     1
  Eat: Chunk             |     1 |     1 ||     2
Armor: Ring mail         |    23 |     4 ||    27
Dodge: Dodged            |    49 |     5 ||    54
